[Event "*** Titled Tuesday Blitz"]
[Site "Chess.com"]
[Date "2021.04.27"]
[Round "4"]
[White "SargissyanSargis"]
[Black "RafalBRC"]
[Result "0-1"]
[WhiteElo "2355"]
[BlackElo "2180"]
[TimeControl "180+1"]
[EndTime "10:39:58 PDT"]
[Termination "RafalBRC won by checkmate"]

1. e4 c5 2. Nf3 Nc6 3. d4 cxd4 4.
Nxd4 Nf6 5. Nc3 e5 6. Ndb5 d6 7.
Bg5 a6 8. Na3 b5 9. Nd5 Be7 10.
Bxf6 Bxf6 11. c3 O-O 12. Nc2 Bg5 13. a4 Rb8 14. axb5 axb5 15. Nce3 f5 16. exf5 Bxf5 17. Nxf5 Rxf5 18. Bd3 Rf8 19. O-O Ne7 20. Be4 Kh8 21. Qh5 Bh6 22. Rad1 Nxd5 23. Rxd5 Qf6 24. f3 b4 25. c4 b3 26. Rfd1 Rb6 27. Kh1 Rc8 28. c5 dxc5 29. Qg4 Rbb8 30. Qd7 Be3 31.
Rd6 Qf8 32. Qh3 h6 33. Qh5 Qe8 34. Bg6 Qf8 35. Qxe5 Bd4 36. Qd5 Rd8 37. Rxd8 Rxd8 38. Qe4 Qf6 39. Bf5 Bxb2 40. Rxd8+ Qxd8 41. h3 Bf6 42. Qb1 b2 43. Kh2 c4 44. Be4 c3 45. Bc2 Qd6+ 46. Kg1 Qf4 47. Bd3 Bd4+ 48. Kh1 Qe3 49. Qc2 Qg1# 0-1

[Event "*** Titled Tuesday Blitz"]
[Site "Chess.com"]
[Date "2021.04.27"]
[Round "4"]
[White "ChristopherYoo"]
[Black "Cptn2"]
[Result "1-0"]
[WhiteElo "2941"]
[BlackElo "2580"]
[TimeControl "180+1"]
[EndTime "10:39:59 PDT"]
[Termination "ChristopherYoo won by resignation"]

1. c4 e5 2. g3 Nc6 3. Bg2 d6 4. Nc3 Be6 5. d3 Qd7 6. h3 Nge7 7. Nf3 h6 8. Bd2 O-O-O 9. Qa4 Kb8 10. b4 f5 11. b5 Nd4 12. Nxd4 exd4 13. Nd5 g5 14. Nb4 d5 15. c5 c6 16. bxc6 Nxc6 17. Nxc6+ Qxc6 18.
Qxd4 Bxc5 19. Qe5+ Qd6 20. Qb2 Rhf8 21. Rb1 Rd7 22. d4 Ba3 23. Qb3 f4 24. O-O Qe7 25.
Qa4 Bd6 26. Rb3 fxg3 27. fxg3 Rxf1+ 28. Bxf1 Bf5 29. Qb5 a6 30. Qxd5 Be4 31. Qc4 Bc7 32.
Re3 b6 33. Bg2 Qf6 34. Rxe4 Qd6 35. Re8+ Rd8 36. Rxd8+ Qxd8 37. Qc6 Qxd4+ 38. Kh2 Kc8 39. Bc3 Qe3 40. Qa8+ Kd7 41. Qc6+ Kc8 42. Qf3 Qc1 43. Qf5+ Kb8 44. Be5 b5 45. Qf8+ Ka7 46. Qa8+ Kb6 47.
Qb7+ Ka5 48. Qxc7+ Qxc7 49. Bxc7+ Ka4 50. Bd6 b4 51.
Bc6+ Ka3 52. e4 a5 53. Bd5 a4 54. e5 Kb2 55. Bxb4 1-0

[Event "*** Titled Tuesday Blitz"]
[Site "Chess.com"]
[Date "2021.04.27"]
[Round "4"]
[White "Alexsur1981"]
[Black "davidkalashian"]
[Result "1-0"]
[WhiteElo "2864"]
[BlackElo "2565"]
[TimeControl "180+1"]
[EndTime "10:39:59 PDT"]
[Termination "Alexsur1981 won on time"]

1. e4 c5 2. Nc3 d6 3. Nf3 a6 4. d4 cxd4 5. Nxd4 Nf6 6. Nb3 g6 7.
Bg5 Bg7 8. Qd2 h6 9. Bf4 b5 10. f3 Nbd7 11. O-O-O Bb7 12. a3 Rc8 13. g4 h5 14. g5 Nh7 15. Nd5 Nhf8 16. Be3 Ne6 17. Kb1 O-O 18. Be2 Ne5 19. Bb6 Qe8 20. Na5 Bxd5 21.
exd5 Nc5 22. Bxc5 Rxc5 23. Nb3 Rc7 24. c3 Qa8 25. f4 Nc4 26. Bxc4 bxc4 27. Na5 Rb8 28.
Rhe1 Kh7 29. Qe2 Bxc3 30. Nxc4 Rxc4 31. Qxc4 Rxb2+ 32. Kc1 Bg7 33. Rxe7 Qb8 34. Rxf7 Rb1+ 35. Kd2 Qb2+ 36. Ke1 Rxd1+ 37. Kxd1 Qb1+ 38. Kd2 Qb2+ 39. Qc2 Qd4+ 40. Qd3 Qb2+ 41. Kd1 Qa1+ 42. Ke2 Qh1 43. f5 Qxh2+ 44. Kd1 Qg1+ 45. Kc2 Qg2+ 46. Kb3 Qb2+ 47. Ka4 Qb6 48. f6 Kh8 49. Rxg7 1-0

[Event "*** Titled Tuesday Blitz"]
[Site "Chess.com"]
[Date "2021.04.27"]
[Round "4"]
[White "BrandonJacobson"]
[Black "Artem_Sadovsky"]
[Result "1/2-1/2"]
[WhiteElo "2938"]
[BlackElo "2707"]
[TimeControl "180+1"]
[EndTime "10:40:00 PDT"]
[Termination "Game drawn by repetition"]

1. d4 g6 2. c4 Bg7 3. e4 d6 4. Nc3 e5 5. Nge2 Nc6 6. Be3 f5 7. exf5 Bxf5 8. d5 Nce7 9. Ng3 Nf6 10. Bd3 O-O 11. O-O Qd7 12. Nxf5 gxf5 13. h3 Ng6 14. Qa4 Qxa4 15. Nxa4 f4 16. Bd2 e4 17. Bc2 Rae8 18.
Rae1 Re7 19. Nc3 Rfe8 20. Ba4 Rf8 21. Bc1 f3 22. gxf3 Ne5 23. Bd1 Nd3 24. fxe4 Nxc1 25.
Bc2 Bh6 26. f4 Rg7+ 27. Kh2 Nh5 28. f5 Bf4+ 29. Rxf4 Nxf4 30. Rxc1 Rg2+ 31. Kh1 Kf7 32. Bd1 Rxb2 33. Bg4 h5 34. Rf1 hxg4 35. Rxf4 g3 36. Rg4 Rg8 37. Nb5 Rxg4 38. hxg4 Kf6 39. Nxc7 Kg5 40. e5 Kxg4 41. Ne6 Rb1+ 42. Kg2 Rb2+ 43.
Kh1 g2+ 44. Kh2 Kf3 45. Ng5+ Kf2 46. Ne4+ Kf1 47. Ng3+ Kf2 48. Ne4+ Kf3 49. Ng5+ Kf2 50. Ne4+ 1/2-1/2

[Event "*** Titled Tuesday Blitz"]
[Site "Chess.com"]
[Date "2021.04.27"]
[Round "4"]
[White "elextranjero00"]
[Black "DenLaz"]
[Result "1/2-1/2"]
[WhiteElo "2570"]
[BlackElo "2813"]
[TimeControl "180+1"]
[EndTime "10:40:00 PDT"]
[Termination "Game drawn by repetition"]

1. e4 e5 2. Nf3 Nc6 3. Bc4 Bc5 4. d3 Nf6 5. c3 d6 6. a4 a6 7. O-O h6 8. Nbd2 O-O 9. h3 Be6 10. Bxe6 fxe6 11. b4 Ba7 12. Re1 Nh5 13. Ra2 Qe8 14. Nf1 Nf4 15. Bxf4 Rxf4 16. b5 Ne7 17. d4 exd4 18.
cxd4 axb5 19. axb5 Bb6 20. Rxa8 Qxa8 21. Qb3 Qc8 22.
Ng3 Kh7 23. Qc2 Kh8 24. Kh2 Qf8 25. Re3 Qf7 26. Rc3 Qe8 27. Qa2 Ng6 28. Qe2 Rf7 29.
e5 Nf4 30. Qe4 d5 31. Qb1 Rf8 32. Rb3 g5 33. Qc2 Qg6 34. Qxg6 Nxg6 35. Nh5 Ne7 36. Nf6 Ra8 37. Rc3 Rd8 38. h4 gxh4 39. Nxh4 Kg7 40. Rg3+ Kf7 41. Nf3 Nf5 42. Rg4 Ra8 43. Rf4 Kg6 44.
g4 Ne7 45. Nh4+ Kg7 46. Nh5+ Kg8 47. Nf6+ Kh8 48. Nh5 Kg8 49. Nf6+ Kh8 50. Nh5 Kg8 1/2-1/2

[Event "*** Titled Tuesday Blitz"]
[Site "Chess.com"]
[Date "2021.04.27"]
[Round "4"]
[White "jamalm2"]
[Black "VladimirBugayev"]
[Result "0-1"]
[WhiteElo "2013"]
[BlackElo "2251"]
[TimeControl "180+1"]
[EndTime "10:40:00 PDT"]
[Termination "VladimirBugayev won by checkmate"]

1. e4 c6 2. c4 d5 3. cxd5 cxd5 4. exd5 Nf6 5. Bb5+ Nbd7 6. Bc4 g6 7. Nc3 Bg7 8. d4 O-O 9. Nf3 Nb6 10. Bb3 Nbxd5 11. O-O b6 12. Ne5 Bb7 13. h3 Rc8 14. Bd2 e6 15.
Rc1 Ne7 16. Bg5 h6 17. Be3 Nf5 18. Qd2 Nxe3 19. fxe3 Ne4 20. Nxe4 Bxe4 21. Nxf7 Rxc1 22. Qxc1 Rxf7 23. Bxe6 Bd5 24. Rxf7 Bxe6 25. Rxa7 Qb8 26. Rc7 Qa8 27. a3 Qe4 28. Kf2 Bd5 29. Rc8+ Kh7 30. Qf1 Qf5+ 31. Kg1 Qxc8 32. Qb5 Qe6 33. Kh2 Qxe3 34.
Qxd5 Qxd4 35. Qxd4 Bxd4 36. b3 Bb2 37. a4 Kg7 38. Kg3 Kf6 39. Kf3 Ke5 40. Ke3 Ba3 41.
Kd3 Kf4 42. Kc4 Kg3 43. b4 Kxg2 44. a5 bxa5 45. bxa5 Bc1 46. Kd3 Bf4 47. a6 Bb8 48. h4 Kg3 49. h5 g5 50. Ke2 Kg4 51. Kf2 Ba7+ 52. Kg2 Kxh5 53. Kh3 Kg6 54. Kg4 h5+ 55. Kg3 Kf5 56. Kh3 h4 57. Kg2 g4 58.
Kh2 Kf4 59. Kg2 g3 60. Kh3 Kf3 61. Kxh4 g2 62. Kh3 g1=Q 63. Kh4 Qg6 64. Kh3 Qg3# 0-1

[Event "*** Titled Tuesday Blitz"]
[Site "Chess.com"]
[Date "2021.04.27"]
[Round "4"]
[White "Grieve72"]
[Black "dozer80"]
[Result "1-0"]
[WhiteElo "2504"]
[BlackElo "2645"]
[TimeControl "180+1"]
[EndTime "10:40:02 PDT"]
[Termination "Grieve72 won by checkmate"]

1. e4 c5 2. Nf3 Nc6 3. d4 cxd4 4.
Nxd4 g6 5. c4 Bg7 6. Be3 Nf6 7.
Nc3 O-O 8. Be2 d6 9. f3 Bd7 10. Qd2 Nxd4 11. Bxd4 a5 12. h4 a4 13. h5 Qa5 14. O-O-O Rfc8 15. hxg6 fxg6 16. Kb1 Be6 17.
Nd5 Bxd5 18. cxd5 Qxd2 19. Rxd2 Nd7 20. Be3 Ne5 21. Rc1 Rxc1+ 22. Kxc1 a3 23. b3 Nd7 24.
Rc2 Bb2+ 25. Kd2 b6 26. b4 Kf7 27. Rc7 Rd8 28. Bb5 Ne5 29. Bg5 h6 30. Bxe7 Rd7 31.
Bxd7 Kxe7 32. Bb5+ Kd8 33. Rb7 g5 34. Rxb6 Kc7 35.
Ra6 h5 36. Be2 h4 37. Ra7+ Kb6 38. Ra6+ Kc7 39. Kc2 Ng6 40. Ra7+ Kb6 41. Rd7 Be5 42. Kb3 Nf4 43. Bf1 Nh5 44. Kxa3 Ng3 45. Bd3 Nh1 46. Kb3 Nf2 47. Bf1 Nd1 48. Rh7 Ne3 49. Be2 Nxg2 50.
a4 Nf4 51. a5# 1-0

[Event "*** Titled Tuesday Blitz"]
[Site "Chess.com"]
[Date "2021.04.27"]
[Round "4"]
[White "UmbertoConcelli"]
[Black "MikeSailer"]
[Result "1-0"]
[WhiteElo "2813"]
[BlackElo "2188"]
[TimeControl "180+1"]
[EndTime "10:40:02 PDT"]
[Termination "UmbertoConcelli won by resignation"]

1. d4 d5 2. c4 Bf5 3. Nc3 e6 4. Nf3 Nc6 5. cxd5 exd5 6. a3 Nf6 7. Bg5 Be7 8. e3 Ne4 9. Bxe7 Nxe7 10. Bd3 Nxc3 11.
bxc3 O-O 12. O-O c6 13. c4 Bxd3 14. Qxd3 dxc4 15. Qxc4 Qd5 16. Qb4 Qd7 17. Rab1 Rab8 18. a4 Nd5 19. Qc5 b6 20. Qa3 Rfc8 21. Rfc1 a5 22.
Ne5 Qe6 23. Qb3 Nb4 24. Qxe6 fxe6 25. h4 Kf8 26. Nd7+ Ke7 27. Nxb8 Rxb8 28. Rc4 Kd6 29. Rcxb4 axb4 30. Rxb4 e5 31. Kf1 exd4 32. exd4 Kd5 33. f3 h5 34. Kf2 Ra8 35. Rxb6 Rxa4 36. Rb7 Kxd4 37. Rxg7 Ra5 38. g4 hxg4 39. fxg4 c5 40. h5 c4 41. h6 Ra1 42. Kg2 Ra2+ 43. Kg3 Ra1 44. g5 c3 45. Rc7 Rg1+ 46. Kf4 Rf1+ 47.
Kg4 Rg1+ 48. Kf5 Kd3 49. h7 Rh1 50. g6 c2 51. Kf6 Kd2 52. Kg7 c1=Q 53. Rxc1 Kxc1 54.
h8=Q 1-0

[Event "*** Titled Tuesday Blitz"]
[Site "Chess.com"]
[Date "2021.04.27"]
[Round "4"]
[White "volunteers1998"]
[Black "thebulldog1"]
[Result "1/2-1/2"]
[WhiteElo "2212"]
[BlackElo "2409"]
[TimeControl "180+1"]
[EndTime "10:40:02 PDT"]
[Termination "Game drawn by repetition"]

1. e4 e5 2. Nc3 Nf6 3. Bc4 Nc6 4. d3 Bc5 5. f4 d5 6. exd5 Bg4 7. Nf3 Nd4 8. fxe5 Nd7 9. Bf4 Bxf3 10. gxf3 Qh4+ 11. Bg3 Qh5 12. Rf1 Nxe5 13. Bxe5 Qxe5+ 14. Ne4 f5 15. c3 fxe4 16. cxd4 Bb4+ 17. Kf2 Qxh2+ 18. Ke3 Qh6+ 19. f4 Qh3+ 20. Ke2 e3 21. Qa4+ Kd8 22. Qxb4 Qg2+ 23.
Ke1 e2 24. Rf2 Qg1+ 25. Kxe2 Re8+ 26. Kf3 Qxa1 27. Kg2 Qd1 28. Qxb7 Qg4+ 29. Kh2 Ke7 30. Qxc7+ Kf8 31. Qc5+ Kg8 32. d6+ Kh8 33. Qg5 Qxg5 34. fxg5 Rad8 35. Rf7 Rxd6 36. Rxa7 Rxd4 37. b4 Rg4 38.
Ra5 h5 39. gxh6 gxh6 40. Rh5 Kg7 41. Rh3 Re2+ 42. Kh1 Rf4 43. Rg3+ Kf6 44. Rg2 Rf1+ 45. Kh2 Re5 46. Kg3 Rg5+ 47. Kh2 Rh5+ 48. Kg3 Rg5+ 49. Kh2 Rh5+ 50. Kg3 Rfh1 51. Rf2+ Kg7 52. Rf7+ Kh8 53. Rf8+ Kg7 54. Rf7+ Kh8 55. Rf8+ Kg7 56. Rf7+ 1/2-1/2

[Event "*** Titled Tuesday Blitz"]
[Site "Chess.com"]
[Date "2021.04.27"]
[Round "4"]
[White "malakismayil"]
[Black "salomez"]
[Result "0-1"]
[WhiteElo "2255"]
[BlackElo "2118"]
[TimeControl "180+1"]
[EndTime "10:40:02 PDT"]
[Termination "salomez won by checkmate"]

1. e4 c5 2. Nf3 e6 3. d4 cxd4 4. Nxd4 Nf6 5. Bd3 Nc6 6. Nb3 d5 7. exd5 Nxd5 8. O-O Be7 9. c4 Nf6 10. Nc3 O-O 11. Bf4 e5 12. Bg3 Be6 13. Qe2 Rc8 14. Rad1 Qc7 15. Rfe1 a6 16. Nd2 Rfd8 17. Nf3 Bd6 18.
c5 Bxc5 19. Nxe5 Nd4 20. Qd2 Qa5 21. Bh4 Be7 22. Qf4 Nc6 23. Nf3 h6 24. Ne4 Nh5 25. Bxe7 Nxf4 26. Bxd8 Rxd8 27. Bb1 Rxd1 28. Rxd1 Bd5 29. g3 Ne6 30. Nfd2 Ncd4 31. Nc3 Bc6 32. Be4 Bxe4 33. Ndxe4 Kh7 34. f4 Qb4 35. b3 Qb6 36.
Kg2 Qc7 37. Rd2 b5 38. Nd5 Qb7 39. Nec3 b4 40. Rd3 bxc3 41. Kh3 Qxd5 42. Rxc3 Qf5+ 43. g4 Qe4 44. Re3 Nxf4+ 45. Kh4 Nf3+ 46. Kg3 Qxe3 47.
h4 Ne5+ 48. Kh2 Qf2+ 49. Kh1 Qg2# 0-1

[Event "*** Titled Tuesday Blitz"]
[Site "Chess.com"]
[Date "2021.04.27"]
[Round "4"]
[White "tusplingher"]
[Black "Vladyslav_Puchka"]
[Result "1-0"]
[WhiteElo "2271"]
[BlackElo "2101"]
[TimeControl "180+1"]
[EndTime "10:40:03 PDT"]
[Termination "tusplingher won by resignation"]

1. e4 d5 2. exd5 Qxd5 3. Nc3 Qd8 4. g3 Nf6 5. Bg2 Nc6 6. Nge2 e5 7. O-O Bc5 8. d3 O-O 9. Bg5 h6 10. Bxf6 Qxf6 11.
Ne4 Qe7 12. Nxc5 Qxc5 13. Nc3 Be6 14. Re1 f6 15. Qd2 Rab8 16. Ne4 Qe7 17. c3 Rfd8 18.
Qe2 Bf5 19. Rad1 Bxe4 20. Bxe4 Rd6 21. Bxc6 Rxc6 22. d4 Re8 23. dxe5 Qxe5 24. Qxe5 fxe5 25. Re4 Rce6 26. Rde1 Kf7 27. R1e3 g5 28. Kf1 Kf6 29. g4 R8e7 30. Ke2 Rd7 31. Rf3+ Kg6 32. Rf5 Rd5 33. c4 Rd4 34. Ke3 c5 35. b3 Red6 36. Rexe5 Rd3+ 37. Ke2 Rd2+ 38. Kf1 Rxa2 39. Rxc5 Rd4 40. Rfd5 Rxg4 41.
Rd6+ Kh5 42. Rf5 Rb2 43. Rff6 Rf4 44. Rxh6+ Kg4 45. h3+ Kf3 46. Rd3+ Ke4 47. Re3+ Kd4 48. Rd6+ Kc5 49. Rd5+ Kb4 50. Rb5+ Ka3 51. b4+ Rb3 52. Rxb3+ Kxb3 53. c5 Rxb4 54. Rxb4+ Kxb4 55. f4 gxf4 56. h4 a5 57. h5 a4 58. h6 a3 59. h7 Kb3 60.
h8=Q a2 61. Qa1 Ka3 62. Kf2 Kb4 63. Qxa2 1-0

[Event "*** Titled Tuesday Blitz"]
[Site "Chess.com"]
[Date "2021.04.27"]
[Round "4"]
[White "vinniethepooh"]
[Black "GM_LOADING"]
[Result "0-1"]
[WhiteElo "2718"]
[BlackElo "2560"]
[TimeControl "180+1"]
[EndTime "10:40:04 PDT"]
[Termination "GM_LOADING won by resignation"]

1. d4 Nf6 2. c4 e6 3. Nc3 Bb4 4. f3 c5 5. d5 exd5 6. cxd5 O-O 7.
e4 d6 8. Bd3 a6 9. Ne2 Nbd7 10.
O-O Re8 11. Kh1 Nf8 12. Bg5 h6 13. Bh4 Ng6 14. Bf2 Bd7 15. Rb1 b5 16. a3 Ba5 17.
b4 cxb4 18. axb4 Bb6 19. Qe1 Ne5 20. Bc2 Rc8 21. Bxb6 Qxb6 22. Qf2 Qxf2 23. Rxf2 Rc7 24. Ra1 Rec8 25. f4 Nc4 26. Rf3 Nd2 27. Re3 Bg4 28. Bd1 Bxe2 29. Nxe2 Nfxe4 30. Kg1 Rc4 31. Ng3 Nxg3 32. hxg3 Rc1 33. Rxc1 Rxc1 34. Re1 Nc4 35. Kf2 Kf8 36. Bg4 Rxe1 37. Kxe1 Ne3 38. Bc8 Nc2+ 39. Kd2 Nxb4 40. Bb7 Ke7 41. Kc3 a5 42. g4 Kd8 43. Ba8 Kc7 44. g5 hxg5 45. fxg5 f6 46. g6 Kb6 47. Kd4 a4 48. Kc3 a3 49. Kb3 a2 50. g4 a1=Q 0-1

[Event "*** Titled Tuesday Blitz"]
[Site "Chess.com"]
[Date "2021.04.27"]
[Round "4"]
[White "FMalexhdez"]
[Black "Pertinhez76"]
[Result "1-0"]
[WhiteElo "2267"]
[BlackElo "2095"]
[TimeControl "180+1"]
[EndTime "10:40:04 PDT"]
[Termination "FMalexhdez won on time"]

1. e4 e6 2. d4 d5 3. Nd2 Nf6 4. e5 Nfd7 5. f4 c5 6. Ndf3 Nc6 7. Ne2 g6 8. c3 Bg7 9. g3 O-O 10. Bh3 Qb6 11. O-O cxd4 12. Nexd4 Nc5 13. Qe2 Ne4 14.
Be3 Qc7 15. Nd2 Nxd2 16. Qxd2 Na5 17. b3 a6 18. a4 Nc6 19. Rac1 Qe7 20. Nxc6 bxc6 21.
b4 Re8 22. Bc5 Qb7 23. a5 Bf8 24. Qd4 Bxc5 25. Qxc5 Qa7 26. Qf2 Qxf2+ 27. Kxf2 Re7 28. Ke3 h5 29. Rfd1 Rc7 30. Kd4 Kf8 31. Bf1 Ke7 32. c4 Rb8 33. Rb1 Rcb7 34. Kc5 Bd7 35. cxd5 cxd5 36. Bxa6 Rc7+ 37. Kd4 Rc2 38. Bd3 Rxh2 39. Rdc1 Ra2 40. Rc7 Kd8 41. Ra7 Ra3 42. b5 h4 43.
gxh4 Ra4+ 44. Ke3 d4+ 45. Kd2 Ra2+ 46. Kd1 Rh2 47. a6 Rc8 48. Rxd7+ Kxd7 49. b6 Rh1+ 50. Kd2 1-0

[Event "*** Titled Tuesday Blitz"]
[Site "Chess.com"]
[Date "2021.04.27"]
[Round "4"]
[White "ehrenfeld"]
[Black "Abund"]
[Result "1/2-1/2"]
[WhiteElo "2528"]
[BlackElo "2741"]
[TimeControl "180+1"]
[EndTime "10:40:05 PDT"]
[Termination "Game drawn by repetition"]

1. e4 c5 2. Nf3 d6 3. Bc4 Nf6 4. d3 Nc6 5. O-O g6 6. h3 Bg7 7. Nc3 O-O 8. a3 Rb8 9. Be3 a6 10. Ba2 b5 11. Qd2 e5 12. Nd5 Nxd5 13. Bxd5 Qc7 14.
c3 Be6 15. Bxe6 fxe6 16. b4 Qe7 17. Qe2 cxb4 18. axb4 Ra8 19. Nd2 d5 20. Bc5 Qd7 21.
Bxf8 Bxf8 22. Nf3 d4 23. cxd4 Nxd4 24. Nxd4 Qxd4 25. Qa2 Kf7 26. Rac1 Ra7 27. Rc6 Re7 28. Qb3 Bh6 29. Rxa6 Bd2 30. Kh1 Bxb4 31. f4 exf4 32. Rxf4+ Kg7 33. Rf1 e5 34. Rb1 Bd2 35. Qxb5 Bf4 36.
Qb6 Qd7 37. Qf6+ Kh6 38. Qh4+ Kg7 39. Rab6 Rf7 40. Rb7 Qxb7 41. Rxb7 Rxb7 42. g3 Be3 43. Kg2 Bd4 44. Qd8 Rf7 45. h4 h5 46. Kh3 Kh7 47. Qd5 Kg7 48. Qd6 Rf3 49. Qe7+ Rf7 50. Qd6 Kh7 51. Qe6 Kg7 52. Qd6 1/2-1/2

[Event "*** Titled Tuesday Blitz"]
[Site "Chess.com"]
[Date "2021.04.27"]
[Round "4"]
[White "KeithArkell"]
[Black "Novoselski"]
[Result "1-0"]
[WhiteElo "2614"]
[BlackElo "2410"]
[TimeControl "180+1"]
[EndTime "10:40:05 PDT"]
[Termination "KeithArkell won by resignation"]

1. d4 e6 2. Nf3 f5 3. c4 Nf6 4. Bg5 Be7 5. Nbd2 O-O 6. e3 b6 7.
Bd3 Bb7 8. O-O Ne4 9. Bxe7 Qxe7 10.
Qc2 Nxd2 11. Nxd2 d6 12. e4 g6 13. f4 Nd7 14. Rae1 Qg7 15. e5 dxe5 16. dxe5 Nc5 17. Be2 a5 18. Bf3 Bxf3 19. Nxf3 Rfd8 20. Rd1 Qe7 21.
h4 Ne4 22. Ng5 Qc5+ 23. Kh2 Nxg5 24. hxg5 Rd4 25. Rxd4 Qxd4 26. Qc3 Qxc3 27. bxc3 Rd8 28. c5 bxc5 29. Rb1 Rd3 30. Rb8+ Kf7 31. Rb7 Rxc3 32. Rxc7+ Kf8 33. Rxh7 Rc4 34. Kg3 Ra4 35. Rc7 Rxa2 36.
Rxc5 a4 37. Rc6 Ke7 38. Rc7+ Kf8 39. Ra7 a3 40. Ra6 Ke7 41. Ra7+ Kd8 42. Rg7 Rb2 43.
Rxg6 a2 44. Rg8+ Ke7 45. Ra8 Kf7 46. Ra7+ Kg6 47. Ra6 Kh5 48. Ra8 Kg6 49. Kf3 Kf7 50. g3 Kg6 51. Ra6 Kg7 52. Ke3 Rg2 53. Kd4 Kf7 54. Kc5 Rc2+ 55. Kd6 Rd2+ 56. Kc7 Rc2+ 57. Kd6 Rd2+ 58. Kc5 Rg2 59. Ra7+ Kg6 60. Kd6 Rxg3 61. Rxa2 Rb3 62. Kxe6 Rb4 63. Rf2 Rd4 64. Ke7 Rd1 65. e6 Ra1 66. Rd2 Kh5 67. Kf6 1-0

[Event "*** Titled Tuesday Blitz"]
[Site "Chess.com"]
[Date "2021.04.27"]
[Round "4"]
[White "Bad_left_hook"]
[Black "Harald_Schmidt"]
[Result "1-0"]
[WhiteElo "2572"]
[BlackElo "2324"]
[TimeControl "180+1"]
[EndTime "10:40:05 PDT"]
[Termination "Bad_left_hook won on time"]

1. d4 Nf6 2. c4 e6 3. Nc3 Bb4 4. Qc2 d5 5. Nf3 O-O 6. cxd5 exd5 7.
Bf4 c6 8. e3 Nbd7 9. Bd3 Re8 10.
O-O Nf8 11. h3 Bd6 12. Ne5 Be6 13. Rab1 a5 14. Bg5 Be7 15. f4 h6 16. Bh4 N6d7 17.
Bg3 f6 18. Ng4 Bf7 19. Rbe1 Bd6 20. e4 dxe4 21. Nxe4 Bc7 22. Bh4 Qb8 23. Nxh6+ gxh6 24. Bxf6 Rxe4 25. Bxe4 Nxf6 26. Qf2 Qd8 27. Bf5 Bb6 28.
Qg3+ Kh8 29. Kh1 Nd5 30. Bb1 Qf6 31. Re5 Bxd4 32. Rf5 Qg7 33. Qh4 Bg6 34. Rxd5 cxd5 35. f5 Bh7 36. f6 Qg5 37. Qxd4 Ne6 38. Qb6 Rg8 39. Qf2 Bxb1 40. Rxb1 Rf8 41. Rf1 d4 42.
Qf3 Nc5 43. f7 d3 44. Qf2 d2 45. Qd4+ Kh7 46. h4 Qg7 47. Qxd2 1-0

[Event "*** Titled Tuesday Blitz"]
[Site "Chess.com"]
[Date "2021.04.27"]
[Round "4"]
[White "onnoelgersma"]
[Black "VladaSviridova"]
[Result "1-0"]
[WhiteElo "2461"]
[BlackElo "2285"]
[TimeControl "180+1"]
[EndTime "10:40:06 PDT"]
[Termination "onnoelgersma won on time"]

1. d4 d5 2. Nf3 Nf6 3. Bf4 c5 4. e3 Nc6 5. c3 e6 6. Nbd2 Bd6 7. Bb5 O-O 8. Bg3 Be7 9. O-O Qb6 10.
Bxc6 bxc6 11. dxc5 Bxc5 12. a3 Be7 13. b4 c5 14. Nb3 Ba6 15. Re1 Ne4 16. Be5 f6 17. bxc5 Nxc5 18. Nxc5 Bxc5 19. Bd4 Rac8 20. Rb1 Qc6 21. Bxc5 Qxc5 22. Nd4 Rfe8 23. Qg4 Qe7 24. e4 dxe4 25. Rxe4 e5 26. Nf5 Qc7 27. Ra4 Bd3 28. Rd1 Bxf5 29. Qxf5 Qxc3 30. Rxa7 Rc7 31. Rxc7 Qxc7 32.
h3 Ra8 33. Qe6+ Kf8 34. g3 Rd8 35. Rxd8+ Qxd8 36. Qb3 Qd4 37. a4 Qa1+ 38. Kg2 Qc1 39. a5 Qc6+ 40. Qf3 Qa6 41. Qa3+ Kf7 42. Qc5 Ke6 43.
h4 Kd7 44. Qd5+ Kc8 45. Qg8+ Kc7 46. Qxg7+ Kb8 47. Qxh7 Qxa5 48. Qe7 Qb6 49. Qd7 Ka8 50. Qd5+ 1-0

[Event "*** Titled Tuesday Blitz"]
[Site "Chess.com"]
[Date "2021.04.27"]
[Round "4"]
[White "sergiochess83"]
[Black "Gloomy_Wanderer"]
[Result "1/2-1/2"]
[WhiteElo "2885"]
[BlackElo "2719"]
[TimeControl "180+1"]
[EndTime "10:40:09 PDT"]
[Termination "Game drawn by repetition"]

1. e4 e5 2. Nf3 Nc6 3. Bb5 a6 4. Ba4 Nf6 5. O-O Be7 6. d3 b5 7. Bb3 O-O 8. a4 Bb7 9. Re1 h6 10. Nbd2 d6 11. Nf1 Re8 12. Ng3 Bf8 13. c3 Ne7 14.
Nh4 d5 15. Qf3 Kh7 16. Be3 Qd7 17. h3 Neg8 18. Qe2 c5 19. Nf3 c4 20. dxc4 dxc4 21.
Bc2 Qc7 22. axb5 axb5 23. Rxa8 Rxa8 24. Qd2 Rd8 25. Qc1 Ne7 26. Rd1 Rxd1+ 27. Qxd1 Ng6 28. Qa1 Bc5 29. Bxc5 Qxc5 30. Qa5 Nf4 31. Qd8 Ne6 32. Qd2 Kg8 33. Nh4 Qc7 34. Nhf5 Qd8 35. Qxd8+ Nxd8 36. Nd6 Bc6 37. b3 cxb3 38. Bxb3 Kf8 39. f3 g6 40. Kf2 Ke7 41. Nc8+ Kd7 42. Na7 Kc7 43. Nxc6 Kxc6 44.
Ke3 Kc5 45. Nf1 Ne8 46. Nd2 Nd6 47. g3 f6 48. f4 Nc6 49. Bd5 Ne7 50. Be6 exf4+ 51.
gxf4 Kc6 52. Nb3 g5 53. Nd4+ Kc5 54. Nb3+ Kc6 55. Nd4+ Kc5 56. Nb3+ Kc6 1/2-1/2

[Event "*** Titled Tuesday Blitz"]
[Site "Chess.com"]
[Date "2021.04.27"]
[Round "4"]
[White "adriangschnitzer"]
[Black "azikom"]
[Result "1-0"]
[WhiteElo "2506"]
[BlackElo "2643"]
[TimeControl "180+1"]
[EndTime "10:40:09 PDT"]
[Termination "adriangschnitzer won on time"]

1. e4 c6 2. d4 d5 3. e5 Bf5 4.
Nf3 e6 5. Be2 Nd7 6. O-O h6 7.
Nbd2 Bh7 8. Re1 Ne7 9. Nf1 Ng6 10.
Bd3 Be7 11. Ng3 O-O 12. c3 c5 13. Be3 cxd4 14. cxd4 Qb6 15. Qd2 Bb4 16. Qd1 Bxe1 17.
Qxe1 Qxb2 18. Rb1 Qa3 19. Rb3 Qxa2 20. Rxb7 Nb6 21. h4 Rfb8 22. Rxb8+ Rxb8 23. Nh5 Nd7 24. Bxh6 gxh6 25. Qe3 Qa3 26. Qxh6 Qf8 27. Qg5 Rb3 28. Bc2 Rb2 29. Bd3 Rb3 30. Bc2 Rc3 31. Ba4 Nb6 32.
Nf6+ Kh8 33. Qh5 Qg7 34. Ng5 Nxa4 35. Nfxh7 Kg8 36. Nf6+ Kf8 37. Ngh7+ Ke7 38. Qg5 Qh8 39. Nxd5+ Kd7 40. Nhf6+ Kc6 41. Nxc3 Nxc3 42. Qc1 Qxh4 43. Qxc3+ Kb7 44. Ne8 Qe7 45. Nd6+ Ka6 46. Qa3+ Kb6 47.
Nc8+ 1-0

[Event "*** Titled Tuesday Blitz"]
[Site "Chess.com"]
[Date "2021.04.27"]
[Round "4"]
[White "Guzman70"]
[Black "SHIVACalypso"]
[Result "1/2-1/2"]
[WhiteElo "2295"]
[BlackElo "2462"]
[TimeControl "180+1"]
[EndTime "10:40:09 PDT"]
[Termination "Game drawn - insufficient material"]

1. c4 Nf6 2. g3 e6 3. Bg2 d5 4. Nf3 Be7 5. O-O O-O 6. b3 b6 7. Bb2 Bb7 8. d3 Nbd7 9. Nc3 c5 10. e3 Rc8 11. Rc1 Qc7 12. Qc2 Rfd8 13. Rfd1 Qb8 14.
Ba1 Qa8 15. cxd5 Nxd5 16. Nxd5 Bxd5 17. Ne1 Bf6 18. Bxd5 Qxd5 19. Bxf6 Nxf6 20. Qe2 Nd7 21. d4 Qb7 22. Qf3 Qxf3 23. Nxf3 f6 24. Kf1 Kf7 25. Ke2 Ke7 26. dxc5 Nxc5 27. Rxd8 Rxd8 28. Nd4 Rd7 29. Rd1 a6 30. b4 Na4 31. Nc6+ Ke8 32. Rxd7 Kxd7 33. Nb8+ Kd6 34. Nxa6 Nc3+ 35. Kd3 Nxa2 36.
Kc2 Kd5 37. Kb2 Nxb4 38. Nxb4+ Ke4 39. Kc3 Kf3 40. Nd3 e5 41. e4 g6 42. h4 Kxe4 43.
Kd2 Kf3 44. Ke1 e4 45. Nb4 e3 46. fxe3 Kxe3 47. Nd5+ Kf3 48. Nxf6 Kxg3 49. Nxh7 Kxh4 50. Nf8 g5 51. Ng6+ Kh3 52. Kf1 b5 53. Ne5 b4 54.
Ke2 Kg3 55. Nf7 g4 56. Nh6 Kf4 57. Nxg4 b3 58. Ne3 b2 59. Nd5+ Ke4 60. Nc3+ Kd4 61. Nb1 Kc4 62. Kd2 Kb3 63. Kd1 Ka2 64. Kc2 Ka1 65. Nd2 b1=Q+ 66. Nxb1 1/2-1/2

[Event "*** Titled Tuesday Blitz"]
[Site "Chess.com"]
[Date "2021.04.27"]
[Round "4"]
[White "Sammed_Shete"]
[Black "Twitch_ElhamBlitz05"]
[Result "1/2-1/2"]
[WhiteElo "2647"]
[BlackElo "2846"]
[TimeControl "180+1"]
[EndTime "10:40:11 PDT"]
[Termination "Game drawn by repetition"]

1. e4 c6 2. d4 d5 3. e5 c5 4. dxc5 e6 5. Be3 Nd7 6. Nf3 Bxc5 7. Bxc5 Nxc5 8. Nbd2 Ne7 9. c4 O-O 10. b4 Nd7 11.
Bd3 Ng6 12. Bxg6 hxg6 13. cxd5 exd5 14. O-O a5 15. bxa5 Nc5 16. Nb3 Nxb3 17. axb3 Rxa5 18. Rxa5 Qxa5 19. Qd4 Bf5 20. h3 Qb5 21. Qh4 g5 22. Qxg5 Be4 23. Nd4 Qd3 24. Qe3 Qxe3 25. fxe3 Rc8 26. e6 fxe6 27. Nxe6 Rc3 28. Rf8+ Kh7 29. Rf7 Kg6 30. Rxb7 d4 31. Rxg7+ Kf6 32. exd4 Kxe6 33. h4 Rxb3 34. h5 Kf6 35. h6 Rb8 36. g4 Rb1+ 37. Kf2 Rh1 38. g5+ Ke6 39. Ke3 Bb1 40. Rb7 Kf5 41. Rg7 Rh3+ 42. Kd2 Kf4 43. d5 Bf5 44. d6 Rd3+ 45. Ke2 Rxd6 46. h7 Rd8 47. g6 Bg4+ 48.
Kf2 Rd2+ 49. Ke1 Rd1+ 50. Kf2 Rd2+ 51. Ke1 Rd1+ 52. Kf2 Rd2+ 1/2-1/2